Workbook

Sheet 1. General
A1: Example of the New Input-Output Table proposed for an economy with three input and two final goods. A guide to these exemplary calculations are provided in the file "Supporting Information Guide"
A3: 1.1 General
A4: 1. Good | B4: Price | C4: Quantity
A5: Input 1 | B5: 35 | C5: =C18/B5 -> 17.370067
A6: Input 2 | B6: 16 | C6: =D18/B6 -> 29.271878
A7: Input 3 | B7: 20 | C7: =E18/B7 -> 12.31637
A8: Final 1 | B8: 27 | C8: =F18/B8 -> 1.144848
A9: Final 2 | B9: 21 | C9: =G18/B9 -> 3.7002973
A11: 2. New Table (NT)
C12: Input industries | F12: Final industries | H12: Direct cons. | I12: Expenses
C13: 1 | D13: 2 | E13: 3 | F13: 1 | G13: 2
A14: Inputs | B14: 1 | C14: =D52*(B63+B64) -> 212.64908 | D14: =D90*(B101+B102) -> 128.80216 | E14: =D128*(B139+B140) -> 102.35742 | F14: =D166*(B178+B179) -> 11.212103 | G14: =D205*(B217+B218) -> 22.258444 | H14: =C18-SUM(C14:G14) -> 130.67316 | I14: =SUM(C14:H14) -> 607.95236
B15: 2 | C15: =D53*(C63+C64) -> 151.85384 | D15: =D91*(C101+C102) -> 222.47217 | E15: =D129*(C139+C140) -> 24.632739 | F15: =D167*(C178+C179) -> 5.0299242 | G15: =D206*(C217+C218) -> 16.331321 | H15: =D18-SUM(C15:G15) -> 48.030057 | I15: =SUM(C15:H15) -> 468.35006
B16: 3 | C16: =D54*(D63+D64) -> 91.327101 | D16: =D92*(D101+D102) -> 58.537863 | E16: =D130*(D139+D140) -> 31.747539 | F16: =D168*(D178+D179) -> 6.5478547 | G16: =D207*(D217+D218) -> 31.082497 | H16: =E18-SUM(C16:G16) -> 27.084537 | I16: =SUM(C16:H16) -> 246.32739
A17: Rent | C17: =B73+B74 -> 152.12234 | D17: =B111+B112 -> 58.537863 | E17: =B149+B150 -> 87.589697 | F17: =B188+B189 -> 8.1210138 | G17: =B227+B228 -> 8.0339817
A18: Income | C18: =F79+F80 -> 607.95236 | D18: =F117+F118 -> 468.35006 | E18: =F155+F156 -> 246.32739 | F18: =F194+F195 -> 30.910896 | G18: =F233+F234 -> 77.706244
A20: 3. New Table of Coeficients (NTC)
C21: Input industries | F21: Final industries | H21: Direct cons. | I21: Expenses
C22: 1 | D22: 2 | E22: 3 | F22: 1 | G22: 2
A23: Inputs | B23: 1 | C23: =C14/$C$18 -> 0.34977918 | D23: =D14/$D$18 -> 0.27501259 | E23: =E14/$E$18 -> 0.41553404 | F23: =F14/$F$18 -> 0.36272334 | G23: =G14/$G$18 -> 0.28644344 | H23: - | I23: -
B24: 2 | C24: =C15/$C$18 -> 0.24977918 | D24: =D15/$D$18 -> 0.47501259 | E24: =E15/$E$18 -> 0.1 | F24: =F15/$F$18 -> 0.16272334 | G24: =G15/$G$18 -> 0.21016742 | H24: - | I24: -
B25: 3 | C25: =C16/$C$18 -> 0.15022082 | D25: =D16/$D$18 -> 0.12498741 | E25: =E16/$E$18 -> 0.12888351 | F25: =F16/$F$18 -> 0.21182999 | G25: =G16/$G$18 -> 0.4 | H25: - | I25: -
A26: Rent | C26: =C17/$C$18 -> 0.25022082 | D26: =D17/$D$18 -> 0.12498741 | E26: =E17/$E$18 -> 0.35558245 | F26: =F17/$F$18 -> 0.26272334 | G26: =G17/$G$18 -> 0.10338914
A27: Income | C27: =C18/C18 -> 1 | D27: =D18/$D$18 -> 1 | E27: =E18/$E$18 -> 1 | F27: =F18/$F$18 -> 1 | G27: =G18/$G$18 -> 1
A29: 4. Leontief Inverse
A30: Matrix A | D30: Matrix B | F30: Vector X | G30: Vector Y | H30: Vector D
A31: =C23 -> 0.34977918 | B31: =D23 -> 0.27501259 | C31: =E23 -> 0.41553404 | D31: =F23 -> 0.36272334 | E31: =G23 -> 0.28644344 | F31: =C18 -> 607.95236 | G31: =F18 -> 30.910896 | H31: =H14 -> 130.67316
A32: =C24 -> 0.24977918 | B32: =D24 -> 0.47501259 | C32: =E24 -> 0.1 | D32: =F24 -> 0.16272334 | E32: =G24 -> 0.21016742 | F32: =D18 -> 468.35006 | G32: =G18 -> 77.706244 | H32: =H15 -> 48.030057
A33: =C25 -> 0.15022082 | B33: =D25 -> 0.12498741 | C33: =E25 -> 0.12888351 | D33: =F25 -> 0.21182999 | E33: =G25 -> 0.4 | F33: =E18 -> 246.32739 | H33: =H16 -> 27.084537
A34: Eq. (11) | B34: LHS | C34: RHS
B35: {=MMULT(A31:C33,F31:F33)+MMULT(D31:E33,G31:G32)+H31:H33} -> 607.95236 | C35: {=F31:F33} -> 607.95236
B36: 468.35006 | C36: 468.35006
B37: 246.32739 | C37: 246.32739
A38: Eq. (12) | B38: LHS | C38: RHS
B39: {=F31:F33} -> 607.95236 | C39: {=MMULT(MINVERSE(_xlfn.MUNIT(3)-A31:C33),MMULT(D31:E33,G31:G32)+H31:H33)} -> 607.95236
B40: 468.35006 | C40: 468.35006
B41: 246.32739 | C41: 246.32739
A43: 5. Final demand and rents
A44: Eq. (13) | B44: LHS | C44: RHS
B45: =F18+G18+H14+H15+H16 -> 314.40489 | C45: =SUM(C17:G17) -> 314.40489
A46: Eq. (14) | B46: LHS | C46: RHS
B47: =B8*D194+B8*D195+B9*D233+B9*D234+H14+H15+H16 -> 298.2499 | C47: =C17+D17+E17 -> 298.2499
A50: 1.2 Input good 1
A51: 1. Good | D51: Price
A52: Input 1 price (output) | D52: ='1. General'!B5 -> 35
A53: Input 2 price | D53: ='1. General'!B6 -> 16
A54: Input 3 price | D54: ='1. General'!B7 -> 20
A56: 2. Production function | C56: f(1,2,3)=A*x_1^(Alpha)*x_2^(Beta)*x_3^(Gamma)
A57: Firm | B57: A | C57: Alpha | D57: Beta | E57: Gamma | F57: Returns to scale
A58: 1 | B58: 4 | C58: 0.3 | D58: 0.2 | E58: 0.2 | F58: =SUM(C58:E58) -> 0.7
A59: 2 | B59: 3 | C59: 0.4 | D59: 0.3 | E59: 0.1 | F59: =SUM(C59:E59) -> 0.8
A61: 3. Optimal derived demand
A62: Firm | B62: Input 1 | C62: Input 2 | D62: Input 3
A63: 1 | B63: =((B68/B58)*(C58/$D$52)^(D58+E58)*($D$53/D58)^D58*($D$54/E58)^E58)^(1/F58) -> 2.617017 | C63: =((B68/B58)*(D58/$D$53)^(C58+E58)*($D$52/C58)^C58*($D$54/E58)^E58)^(1/F58) -> 3.8164832 | D63: =((B68/B58)*(E58/$D$54)^(C58+D58)*($D$52/C58)^C58*($D$53/D58)^D58)^(1/F58) -> 3.0531865
A64: 2 | B64: =(B69/B59*(C59/$D$52)^(D59+E59)*($D$53/D59)^D59*($D$54/E59)^E59)^(1/F59) -> 3.458671 | C64: =(B69/B59*(D59/$D$53)^(C59+E59)*($D$52/C59)^C59*($D$54/E59)^E59)^(1/F59) -> 5.674382 | D64: =((B69/B59)*(E59/$D$54)^(C59+D59)*($D$52/C59)^C59*($D$53/D59)^D59)^(1/F59) -> 1.5131685
A66: 4. Optimal supply
A67: Firm | B67: Optimal supply | D67: Production function
A68: 1 | B68: =(B58*C58^(C58)*D58^(D58)*E58^(E58)*$D$52^(D58+E58)*$D$53^(-D58)*$D$54^(-E58))^(1/(1-F58)) -> 8.7233901 | D68: =B58*(B63^C58)*(C63^D58)*(D63^E58) -> 8.7233901
A69: 2 | B69: =(B59*C59^(C59)*D59^(D59)*E59^(E59)*$D$52^(D59+E59)*$D$53^(-D59)*$D$54^(-E59))^(1/(1-F59)) -> 8.6466774 | D69: =B59*B64^C59*C64^D59*D64^E59 -> 8.6466774
A71: 5. Rents
A72: Firm
A73: 1 | B73: =D52*B68-D52*B63-D53*C63-D54*D63 -> 91.595596
A74: 2 | B74: =D52*B69-D52*B64-D53*C64-D54*D64 -> 60.526742
A76: 6. Equations
A77: Firm | B77: (3) LHS | C77: (3) RHS | D77: (4) LHS | E77: (4) RHS | F77: (6) LHS | G77: (6) RHS | H77: (6) RHS | I77: (6) sum RHS | J77: (7) LHS | K77: (7) RHS
B78: P*n*q | C78: P'q | D78: n*q | E78: q-q^s | F78: P*q | G78: P'q | H78: π | I78: P'q + π | J78: q^s | K78: (1-n)*q
A79: 1 | B79: =D52*F58*B68 -> 213.72306 | C79: =D52*B63+D53*C63+D54*D63 -> 213.72306 | D79: =F58*B68 -> 6.1063731 | E79: =B68-B73/D52 -> 6.1063731 | F79: =D52*B68 -> 305.31865 | G79: =D52*B63+D53*C63+D54*D63 -> 213.72306 | H79: =B73 -> 91.595596 | I79: =G79+H79 -> 305.31865 | J79: =B73/D52 -> 2.617017 | K79: =(1-F58)*B68 -> 2.617017
A80: 2 | B80: =D52*F59*B69 -> 242.10697 | C80: =D52*B64+D53*C64+D54*D64 -> 242.10697 | D80: =F59*B69 -> 6.9173419 | E80: =B69-B74/D52 -> 6.9173419 | F80: =D52*B69 -> 302.63371 | G80: =D52*B64+D53*C64+D54*D64 -> 242.10697 | H80: =B74 -> 60.526742 | I80: =G80+H80 -> 302.63371 | J80: =B74/D52 -> 1.7293355 | K80: =(1-F59)*B69 -> 1.7293355
A82: 7. Industry level | B82: Eq. (8)
A83: Income | B83: =F79+F80 -> 607.95236
A84: Expense | B84: =G79+G80 -> 455.83002
A85: Rents | B85: =H79+H80 -> 152.12234
A86: Ex+rent | B86: =B84+B85 -> 607.95236
A88: 1.3 Input good 2
A89: 1. Good | D89: Price
A90: Input 1 price | D90: ='1. General'!B5 -> 35
A91: Input 2 price (output) | D91: ='1. General'!B6 -> 16
A92: Input 3 price | D92: ='1. General'!B7 -> 20
A94: 2. Production function | C94: f(1,2,3)=A*x_1^(Alpha)*x_2^(Beta)*x_3^(Gamma)
A95: Firm | B95: A | C95: Alpha | D95: Beta | E95: Gamma | F95: Returns to scale
A96: 1 | B96: 5 | C96: 0.2 | D96: 0.4 | E96: 0.2 | F96: =SUM(C96:E96) -> 0.8
A97: 2 | B97: 4.5 | C97: 0.3 | D97: 0.5 | E97: 0.1 | F97: =SUM(C97:E97) -> 0.9
A99: 3. Optimal derived demand
A100: Firm | B100: Input 1 | C100: Input 2 | D100: Input 3
A101: 1 | B101: =((B106/B96)*(C96/$D$90)^(D96+E96)*($D$91/D96)^D96*($D$92/E96)^E96)^(1/F96) -> 0.66873469 | C101: =((B106/B96)*(D96/$D$91)^(C96+E96)*($D$90/C96)^C96*($D$92/E96)^E96)^(1/F96) -> 2.9257143 | D101: =((B106/B96)*(E96/$D$92)^(C96+D96)*($D$90/C96)^C96*($D$91/D96)^D96)^(1/F96) -> 1.1702857
A102: 2 | B102: =(B107/B97*(C97/$D$90)^(D97+E97)*($D$91/D97)^D97*($D$92/E97)^E97)^(1/F97) -> 3.011327 | C102: =(B107/B97*(D97/$D$91)^(C97+E97)*($D$90/C97)^C97*($D$92/E97)^E97)^(1/F97) -> 10.978796 | D102: =((B107/B97)*(E97/$D$92)^(C97+D97)*($D$90/C97)^C97*($D$91/D97)^D97)^(1/F97) -> 1.7566074
A104: 4. Optimal supply
A105: Firm | B105: Optimal supply | D105: Production function
A106: 1 | B106: =(D91*B96^(1/F96)*C96^(C96/F96)*D96^(D96/F96)*E96^(E96/F96)*$D$90^(-C96/F96)*$D$91^(-D96/F96)*$D$92^(-E96/F96))^(F96/(1-F96)) -> 7.3142857 | D106: =B96*(B101^C96)*(C101^D96)*(D101^E96) -> 7.3142857
A107: 2 | B107: =(D91*B97^(1/F97)*C97^(C97/(F97))*D97^(D97/(F97))*E97^(E97/(F97))*$D$90^(-C97/(F97))*$D$91^(-D97/(F97))*$D$92^(-E97/(F97)))^(F97/(1-F97)) -> 21.957593 | D107: =B97*B102^C97*C102^D97*D102^E97 -> 21.957593
A109: 5. Rents
A110: Firm
A111: 1 | B111: =D91*B106-D90*B101-D91*C101-D92*D101 -> 23.405714
A112: 2 | B112: =D91*B107-D90*B102-D91*C102-D92*D102 -> 35.132148
A114: 6. Equations
A115: Firm | B115: (3) LHS | C115: (3) RHS | D115: (4) LHS | E115: (4) RHS | F115: (6) LHS | G115: (6) RHS | H115: (6) RHS | I115: (6) sum RHS | J115: (7) LHS | K115: (7) RHS
B116: P*n*q | C116: P'q | D116: n*q | E116: q-q^s | F116: P*q | G116: P'q | H116: π | I116: P'q + π | J116: q^s | K116: (1-n)*q
A117: 1 | B117: =D91*F96*B106 -> 93.622857 | C117: =D90*B101+D91*C101+D92*D101 -> 93.622857 | D117: =F96*B106 -> 5.8514286 | E117: =B106-B111/D91 -> 5.8514286 | F117: =D91*B106 -> 117.02857 | G117: =D90*B101+D91*C101+D92*D101 -> 93.622857 | H117: =B111 -> 23.405714 | I117: =G117+H117 -> 117.02857 | J117: =B111/D91 -> 1.4628571 | K117: =(1-F96)*B106 -> 1.4628571
A118: 2 | B118: =D91*F97*B107 -> 316.18934 | C118: =D90*B102+D91*C102+D92*D102 -> 316.18934 | D118: =F97*B107 -> 19.761833 | E118: =B107-B112/D91 -> 19.761833 | F118: =D91*B107 -> 351.32148 | G118: =D90*B102+D91*C102+D92*D102 -> 316.18934 | H118: =B112 -> 35.132148 | I118: =G118+H118 -> 351.32148 | J118: =B112/D91 -> 2.1957593 | K118: =(1-F97)*B107 -> 2.1957593
A120: 7. Industry level | B120: Eq. (8)
...

Sheet 2. Government
A1: Example of the New Input-Output Table proposed for an economy with three input and two final goods and government
A3: 2.1 General
A4: 1. Good | B4: Price | C4: Quantity | D4: Taxes | E4: Amount
A5: Input 1 | B5: 35 | C5: =C19/B5 -> 17.370067 | D5: Rent tax | E5: 0.1
A6: Input 2 | B6: 16 | C6: =D19/B6 -> 29.271878 | D6: Lump sum | E6: 0.5
A7: Input 3 | B7: 20 | C7: =E19/B7 -> 12.31637
A8: Final 1 | B8: 27 | C8: =F19/B8 -> 1.144848
A9: Final 2 | B9: 21 | C9: =G19/B9 -> 3.7002973
A11: 2. New Table (NT) with government
C12: Input industries | F12: Final industries | H12: Direct cons. | I12: Gov. | J12: Expenses
C13: 1 | D13: 2 | E13: 3 | F13: 1 | G13: 2
A14: Inputs | B14: 1 | C14: =B5*(B65+B66) -> 212.64908 | D14: =B5*(B104+B105) -> 128.80216 | E14: =B5*(B143+B144) -> 102.35742 | F14: =B5*(B183+B184) -> 11.212103 | G14: =B5*(B223+B224) -> 22.258444 | H14: =C19-SUM(C14:G14)-I14 -> 107.53381 | I14: 23.139345 | J14: =SUM(C14:I14) -> 607.95236
B15: 2 | C15: =B6*(C65+C66) -> 151.85384 | D15: =B6*(C104+C105) -> 222.47217 | E15: =B6*(C143+C144) -> 24.632739 | F15: =B6*(C183+C184) -> 5.0299242 | G15: =B6*(C223+C224) -> 16.331321 | H15: =D19-SUM(C15:G15)-I15 -> 39.52499 | I15: 8.5050678 | J15: =SUM(C15:I15) -> 468.35006
B16: 3 | C16: =B7*(D65+D66) -> 91.327101 | D16: =B7*(D104+D105) -> 58.537863 | E16: =B7*(D143+D144) -> 31.747539 | F16: =B7*(D183+D184) -> 6.5478547 | G16: =B7*(D223+D224) -> 31.082497 | H16: =E19-SUM(C16:G16)-I16 -> 22.288461 | I16: 4.7960764 | J16: =SUM(C16:I16) -> 246.32739
A17: Tax | C17: =D75+D76 -> 16.212234 | D17: =D114+D115 -> 6.8537863 | E17: =D153+D154 -> 9.7589697 | F17: =D193+D194 -> 1.8121014 | G17: =D233+D234 -> 1.8033982 | J17: =SUM(C17:G17) -> 36.440489
A18: Private Rent | C18: =C75+C76 -> 135.9101 | D18: =C114+C115 -> 51.684076 | E18: =C153+C154 -> 77.830727 | F18: =C193+C194 -> 6.3089124 | G18: =C233+C234 -> 6.2305835
A19: Income | C19: =F81+F82 -> 607.95236 | D19: =F120+F121 -> 468.35006 | E19: =F159+F160 -> 246.32739 | F19: =F199+F200 -> 30.910896 | G19: =F239+F240 -> 77.706244 | I19: =SUM(I14:I16) -> 36.440489
A21: 3. New Table of Coeficients (NTC) with government
C22: Input industries | F22: Final industries | H22: Direct cons. | I22: Gov. | J22: Expenses
C23: 1 | D23: 2 | E23: 3 | F23: 1 | G23: 2
A24: Inputs | B24: 1 | C24: =C14/$C$19 -> 0.34977918 | D24: =D14/$D$19 -> 0.27501259 | E24: =E14/$E$19 -> 0.41553404 | F24: =F14/$F$19 -> 0.36272334 | G24: =G14/$G$19 -> 0.28644344 | H24: - | I24: - | J24: -
B25: 2 | C25: =C15/$C$19 -> 0.24977918 | D25: =D15/$D$19 -> 0.47501259 | E25: =E15/$E$19 -> 0.1 | F25: =F15/$F$19 -> 0.16272334 | G25: =G15/$G$19 -> 0.21016742 | H25: - | I25: - | J25: -
B26: 3 | C26: =C16/$C$19 -> 0.15022082 | D26: =D16/$D$19 -> 0.12498741 | E26: =E16/$E$19 -> 0.12888351 | F26: =F16/$F$19 -> 0.21182999 | G26: =G16/$G$19 -> 0.4 | H26: - | I26: - | J26: -
A27: Tax | C27: =C17/$C$19 -> 0.026666948 | D27: =D17/$D$19 -> 0.014633897 | E27: =E17/$E$19 -> 0.039617882 | F27: =F17/$F$19 -> 0.058623386 | G27: =G17/$G$19 -> 0.023207893 | J27: -
A28: Private Rent | C28: =C18/$C$19 -> 0.22355387 | D28: =D18/$D$19 -> 0.11035352 | E28: =E18/$E$19 -> 0.31596456 | F28: =F18/$F$19 -> 0.20409995 | G28: =G18/$G$19 -> 0.080181247
A29: Income | C29: =C19/C19 -> 1 | D29: =D19/$D$19 -> 1 | E29: =E19/$E$19 -> 1 | F29: =F19/$F$19 -> 1 | G29: =G19/$G$19 -> 1 | I29: -
A31: 4. Leontief Inverse
A32: Matrix A | D32: Matrix B | F32: Vector X | G32: Vector Y | H32: Vector D | I32: Vector G
A33: =C24 -> 0.34977918 | B33: =D24 -> 0.27501259 | C33: =E24 -> 0.41553404 | D33: =F24 -> 0.36272334 | E33: =G24 -> 0.28644344 | F33: =C19 -> 607.95236 | G33: =F19 -> 30.910896 | H33: =H14 -> 107.53381 | I33: =I14 -> 23.139345
A34: =C25 -> 0.24977918 | B34: =D25 -> 0.47501259 | C34: =E25 -> 0.1 | D34: =F25 -> 0.16272334 | E34: =G25 -> 0.21016742 | F34: =D19 -> 468.35006 | G34: =G19 -> 77.706244 | H34: =H15 -> 39.52499 | I34: =I15 -> 8.5050678
A35: =C26 -> 0.15022082 | B35: =D26 -> 0.12498741 | C35: =E26 -> 0.12888351 | D35: =F26 -> 0.21182999 | E35: =G26 -> 0.4 | F35: =E19 -> 246.32739 | H35: =H16 -> 22.288461 | I35: =I16 -> 4.7960764
A36: Eq. (19) | B36: LHS | C36: RHS
B37: {=MMULT(A33:C35,F33:F35)+MMULT(D33:E35,G33:G34)+H33:H35+I33:I35} -> 607.95236 | C37: {=F33:F35} -> 607.95236
B38: 468.35006 | C38: 468.35006
B39: 246.32739 | C39: 246.32739
A40: Eq. (20) | B40: LHS | C40: RHS
B41: {=F33:F35} -> 607.95236 | C41: {=MMULT(MINVERSE(_xlfn.MUNIT(3)-A33:C35),MMULT(D33:E35,G33:G34)+H14:H16+I33:I35)} -> 607.95236
B42: 468.35006 | C42: 468.35006
B43: 246.32739 | C43: 246.32739
A45: 5. Final demand and rents
A46: Eq. (21) | B46: LHS | C46: RHS
B47: =F19+G19+H14+H15+H16+I14+I15+I16 -> 314.40489 | C47: =SUM(C18:G18)+SUM(C17:G17) -> 314.40489
A48: Eq. (22) | B48: LHS | C48: RHS
B49: =B8*D199+B8*D200+B9*D239+B9*D240+H14+H15+H16+I14+I15+I16 -> 298.2499 | C49: =C18+D18+E18+C17+D17+E17 -> 298.2499
A52: 2.2 Input good 1
A53: 1. Good | D53: Price | E53: Taxes | F53: Amount
A54: Input 1 price (output) | D54: =B5 -> 35 | E54: Rent tax | F54: =$E$5 -> 0.1
A55: Input 2 price | D55: =B6 -> 16 | E55: Lump sum | F55: =$E$6 -> 0.5
A56: Input 3 price | D56: =B7 -> 20
A58: 2. Production function | C58: f(1,2,3)=A*x_1^(Alpha)*x_2^(Beta)*x_3^(Gamma)
A59: Firm | B59: A | C59: Alpha | D59: Beta | E59: Gamma | F59: Returns to scale
A60: 1 | B60: 4 | C60: 0.3 | D60: 0.2 | E60: 0.2 | F60: =SUM(C60:E60) -> 0.7
A61: 2 | B61: 3 | C61: 0.4 | D61: 0.3 | E61: 0.1 | F61: =SUM(C61:E61) -> 0.8
A63: 3. Optimal derived demand
A64: Firm | B64: Input 1 | C64: Input 2 | D64: Input 3
A65: 1 | B65: =((B70/B60)*(C60/$D$54)^(D60+E60)*($D$55/D60)^D60*($D$56/E60)^E60)^(1/F60) -> 2.617017 | C65: =((B70/B60)*(D60/$D$55)^(C60+E60)*($D$54/C60)^C60*($D$56/E60)^E60)^(1/F60) -> 3.8164832 | D65: =((B70/B60)*(E60/$D$56)^(C60+D60)*($D$54/C60)^C60*($D$55/D60)^D60)^(1/F60) -> 3.0531865
A66: 2 | B66: =((B71/B61)*(C61/$D$54)^(D61+E61)*($D$55/D61)^D61*($D$56/E61)^E61)^(1/F61) -> 3.458671 | C66: =(B71/B61*(D61/$D$55)^(C61+E61)*($D$54/C61)^C61*($D$56/E61)^E61)^(1/F61) -> 5.674382 | D66: =((B71/B61)*(E61/$D$56)^(C61+D61)*($D$54/C61)^C61*($D$55/D61)^D61)^(1/F61) -> 1.5131685
A68: 4. Optimal supply
A69: Firm | B69: Optimal supply | D69: Production function
A70: 1 | B70: =(B60*C60^(C60)*D60^(D60)*E60^(E60)*$D$54^(D60+E60)*$D$55^(-D60)*$D$56^(-E60))^(1/(1-F60)) -> 8.7233901 | D70: =B60*(B65^C60)*(C65^D60)*(D65^E60) -> 8.7233901
A71: 2 | B71: =(B61*C61^(C61)*D61^(D61)*E61^(E61)*$D$54^(D61+E61)*$D$55^(-D61)*$D$56^(-E61))^(1/(1-F61)) -> 8.6466774 | D71: =B61*B66^C61*C66^D61*D66^E61 -> 8.6466774
A73: 5. Rents
A74: Firm | B74: Total rent | C74: Private rent | D74: Tax
A75: 1 | B75: =D54*B70-D54*B65-D55*C65-D56*D65 -> 91.595596 | C75: =(1-$F$54)*B75-$F$55 -> 81.936036 | D75: =$F$54*B75+$F$55 -> 9.6595596
A76: 2 | B76: =D54*B71-D54*B66-D55*C66-D56*D66 -> 60.526742 | C76: =(1-$F$54)*B76-$F$55 -> 53.974068 | D76: =$F$54*B76+$F$55 -> 6.5526742
A78: 6. Equations
A79: Firm | B79: (3) LHS | C79: (3) RHS | D79: (4) LHS | E79: (4) RHS | F79: (16) LHS | G79: (16) RHS | H79: (16) RHS | I79: (16) RHS | J79: (16) sum RHS
B80: P*n*q | C80: P'q | D80: n*q | E80: q-q^s | F80: P*q | G80: P'q | H80: T | I80: π | J80: P'q + T + π
A81: 1 | B81: =D54*F60*B70 -> 213.72306 | C81: =D54*B65+D55*C65+D56*D65 -> 213.72306 | D81: =F60*B70 -> 6.1063731 | E81: =B70-B75/D54 -> 6.1063731 | F81: =D54*B70 -> 305.31865 | G81: =D54*B65+D55*C65+D56*D65 -> 213.72306 | H81: =D75 -> 9.6595596 | I81: =C75 -> 81.936036 | J81: =G81+H81+I81 -> 305.31865
A82: 2 | B82: =D54*F61*B71 -> 242.10697 | C82: =D54*B66+D55*C66+D56*D66 -> 242.10697 | D82: =F61*B71 -> 6.9173419 | E82: =B71-B76/D54 -> 6.9173419 | F82: =D54*B71 -> 302.63371 | G82: =D54*B66+D55*C66+D56*D66 -> 242.10697 | H82: =D76 -> 6.5526742 | I82: =C76 -> 53.974068 | J82: =G82+H82+I82 -> 302.63371
A84: 7. Industry level | B84: Eq. (17)
A85: Income | B85: =F81+F82 -> 607.95236
A86: Expense | B86: =G81+G82 -> 455.83002
A87: Gov. Expend. | B87: =H81+H82 -> 16.212234
A88: Private rents | B88: =I81+I82 -> 135.9101
A89: Ex+G+P.rents | B89: =B86+B88+B87 -> 607.95236
A91: 2.3 Input good 2
A92: 1. Good | D92: Price | E92: Taxes | F92: Amount
A93: Input 1 price | D93: =B5 -> 35 | E93: Rent tax | F93: =$E$5 -> 0.1
A94: Input 2 price (output) | D94: =B6 -> 16 | E94: Lump sum | F94: =$E$6 -> 0.5
A95: Input 3 price | D95: =B7 -> 20
A97: 2. Production function | C97: f(1,2,3)=A*x_1^(Alpha)*x_2^(Beta)*x_3^(Gamma)
A98: Firm | B98: A | C98: Alpha | D98: Beta | E98: Gamma | F98: Returns to scale
A99: 1 | B99: 5 | C99: 0.2 | D99: 0.4 | E99: 0.2 | F99: =SUM(C99:E99) -> 0.8
A100: 2 | B100: 4.5 | C100: 0.3 | D100: 0.5 | E100: 0.1 | F100: =SUM(C100:E100) -> 0.9
A102: 3. Optimal derived demand
A103: Firm | B103: Input 1 | C103: Input 2 | D103: Input 3
A104: 1 | B104: =((B109/B99)*(C99/$D$93)^(D99+E99)*($D$94/D99)^D99*($D$95/E99)^E99)^(1/F99) -> 0.66873469 | C104: =((B109/B99)*(D99/$D$94)^(C99+E99)*($D$93/C99)^C99*($D$95/E99)^E99)^(1/F99) -> 2.9257143 | D104: =((B109/B99)*(E99/$D$95)^(C99+D99)*($D$93/C99)^C99*($D$94/D99)^D99)^(1/F99) -> 1.1702857
A105: 2 | B105: =(B110/B100*(C100/$D$93)^(D100+E100)*($D$94/D100)^D100*($D$95/E100)^E100)^(1/F100) -> 3.011327 | C105: =(B110/B100*(D100/$D$94)^(C100+E100)*($D$93/C100)^C100*($D$95/E100)^E100)^(1/F100) -> 10.978796 | D105: =((B110/B100)*(E100/$D$95)^(C100+D100)*($D$93/C100)^C100*($D$94/D100)^D100)^(1/F100) -> 1.7566074
A107: 4. Optimal supply
A108: Firm | B108: Optimal supply | D108: Value function
A109: 1 | B109: =(D94*B99^(1/F99)*C99^(C99/F99)*D99^(D99/F99)*E99^(E99/F99)*$D$93^(-C99/F99)*$D$94^(-D99/F99)*$D$95^(-E99/F99))^(F99/(1-F99)) -> 7.3142857 | D109: =B99*(B104^C99)*(C104^D99)*(D104^E99) -> 7.3142857
A110: 2 | B110: =(D94*B100^(1/F100)*C100^(C100/(F100))*D100^(D100/(F100))*E100^(E100/(F100))*$D$93^(-C100/(F100))*$D$94^(-D100/(F100))*$D$95^(-E100/(F100)))^(F100/(1-F100)) -> 21.957593 | D110: =B100*B105^C100*C105^D100*D105^E100 -> 21.957593
A112: 5. Rents
A113: Firm | B113: Total rent | C113: Private rent | D113: Tax
A114: 1 | B114: =D94*B109-D93*B104-D94*C104-D95*D104 -> 23.405714 | C114: =(1-$F$54)*B114-$F$55 -> 20.565143 | D114: =$F$54*B114+$F$55 -> 2.8405714
A115: 2 | B115: =D94*B110-D93*B105-D94*C105-D95*D105 -> 35.132148 | C115: =(1-$F$54)*B115-$F$55 -> 31.118934 | D115: =$F$54*B115+$F$55 -> 4.0132148
A117: 6. Equations
A118: Firm | B118: (3) LHS | C118: (3) RHS | D118: (4) LHS | E118: (4) RHS | F118: (16) LHS | G118: (16) RHS | H118: (16) RHS | I118: (16) RHS | J118: (16) sum RHS
B119: P*n*q | C119: P'q | D119: n*q | E119: q-q^s | F119: P*q | G119: P'q | H119: T | I119: π | J119: P'q + T + π
...

Sheet 3. Foreign trade
A1: Example of the New Input-Output Table proposed for an economy with three input and two final goods, government, and foreign trade
A3: 3.1 General
A4: 1. Good | B4: Price | C4: Quantity | D4: Taxes | E4: Amount | F4: Trade balance
A5: Input 1 | B5: 35 | C5: =C21/B5 -> 17.370067 | D5: Rent tax | E5: 0.1 | F5: Exports | G5: =H21+I21 -> 184.60694
A6: Input 2 | B6: 16 | C6: =D21/B6 -> 29.271878 | D6: Lump sum | E6: 0.5 | F6: Imports | G6: =L16+L17+L18 -> 184.60694
A7: Input 3 | B7: 20 | C7: =E21/B7 -> 12.31637
A8: Final 1 | B8: 27 | C8: =F21/B8 -> 1.144848
A9: Final 2 | B9: 21 | C9: =G21/B9 -> 3.7002973
A10: Export 1 | B10: 15 | C10: =H21/B10 -> 11.748621
A11: Export 2 | B11: 10 | C11: =I21/B11 -> 0.8377624
A13: 2. New Table (NT) with government
C14: Input industries | F14: Final industries | H14: Export industries | J14: Direct cons. | K14: Gov. | L14: Imp. | M14: Expenses
C15: 1 | D15: 2 | E15: 3 | F15: 1 | G15: 2 | H15: 1 | I15: 2
A16: Inputs | B16: 1 | C16: =B5*(B61+B62) -> 212.64908 | D16: =B5*(B100+B101) -> 128.80216 | E16: =B5*(B139+B140) -> 102.35742 | F16: =B5*(B179+B180) -> 11.212103 | G16: =B5*(B219+B220) -> 22.258444 | H16: =B5*(B259+B260) -> 61.680261 | I16: =B5*(B299+B300) -> 1.934231 | J16: =C21-SUM(C16:I16)-K16+L16 -> 133.61333 | K16: 24.448754 | L16: =G5/71*B5 -> 91.003422 | M16: =SUM(C16:K16)-L16 -> 607.95236
B17: 2 | C17: =B6*(C61+C62) -> 151.85384 | D17: =B6*(C100+C101) -> 222.47217 | E17: =B6*(C139+C140) -> 24.632739 | F17: =B6*(C179+C180) -> 5.0299242 | G17: =B6*(C219+C220) -> 16.331321 | H17: =B6*(C259+C260) -> 31.505 | I17: =B6*(C299+C300) -> 1.5769936 | J17: =D21-SUM(C17:I17)-K17+L17 -> 46.735151 | K17: 9.8144769 | L17: =G5/71*B6 -> 41.601564 | M17: =SUM(C17:K17)-L17 -> 468.35006
B18: 3 | C18: =B7*(D61+D62) -> 91.327101 | D18: =B7*(D100+D101) -> 58.537863 | E18: =B7*(D139+D140) -> 31.747539 | F18: =B7*(D179+D180) -> 6.5478547 | G18: =B7*(D219+D220) -> 31.082497 | H18: =B7*(D259+D260) -> 66.435245 | I18: =B7*(D299+D300) -> 2.1929372 | J18: =E21-SUM(C18:I18)-K18+L18 -> 4.3528249 | K18: 6.1054855 | L18: =G5/71*B7 -> 52.001955 | M18: =SUM(C18:K18)-L18 -> 246.32739
A19: Tax | C19: =D71+D72 -> 16.212234 | D19: =D110+D111 -> 6.8537863 | E19: =D149+D150 -> 9.7589697 | F19: =D189+D190 -> 1.8121014 | G19: =D229+D230 -> 1.8033982 | H19: =D269+D270 -> 2.6608811 | I19: =D309+D310 -> 1.2673462 | M19: =SUM(C19:I19) -> 40.368717
A20: Private Rent | C20: =C71+C72 -> 135.9101 | D20: =C110+C111 -> 51.684076 | E20: =C149+C150 -> 77.830727 | F20: =C189+C190 -> 6.3089124 | G20: =C229+C230 -> 6.2305835 | H20: =C269+C270 -> 13.94793 | I20: =C309+C310 -> 1.406116
A21: Income | C21: =F77+F78 -> 607.95236 | D21: =F116+F117 -> 468.35006 | E21: =F155+F156 -> 246.32739 | F21: =F195+F196 -> 30.910896 | G21: =F235+F236 -> 77.706244 | H21: =F275+F276 -> 176.22932 | I21: =F315+F316 -> 8.377624 | K21: =SUM(K16:K18) -> 40.368717
A23: 3. New Table of Coeficients (NTC) with government
C24: Input industries | F24: Final industries | H24: Export industries | J24: Direct cons. | K24: Gov. | L24: Imp. | M24: Expenses
C25: 1 | D25: 2 | E25: 3 | F25: 1 | G25: 2 | H25: 1 | I25: 2
A26: Inputs | B26: 1 | C26: =C16/$C$21 -> 0.34977918 | D26: =D16/$D$21 -> 0.27501259 | E26: =E16/$E$21 -> 0.41553404 | F26: =F16/$F$21 -> 0.36272334 | G26: =G16/$G$21 -> 0.28644344 | H26: =H16/$H$21 -> 0.35 | I26: =I16/$I$21 -> 0.23088062 | J26: - | K26: - | L26: - | M26: =M16/C21 -> 1
B27: 2 | C27: =C17/$C$21 -> 0.24977918 | D27: =D17/$D$21 -> 0.47501259 | E27: =E17/$E$21 -> 0.1 | F27: =F17/$F$21 -> 0.16272334 | G27: =G17/$G$21 -> 0.21016742 | H27: =H17/$H$21 -> 0.17877275 | I27: =I17/$I$21 -> 0.18823876 | J27: - | K27: - | L27: - | M27: =M17/D21 -> 1
B28: 3 | C28: =C18/$C$21 -> 0.15022082 | D28: =D18/$D$21 -> 0.12498741 | E28: =E18/$E$21 -> 0.12888351 | F28: =F18/$F$21 -> 0.21182999 | G28: =G18/$G$21 -> 0.4 | H28: =H18/$H$21 -> 0.3769818 | I28: =I18/$I$21 -> 0.26176124 | J28: - | K28: - | L28: - | M28: =M18/E21 -> 1
A29: Tax | C29: =C19/$C$21 -> 0.026666948 | D29: =D19/$D$21 -> 0.014633897 | E29: =E19/$E$21 -> 0.039617882 | F29: =F19/$F$21 -> 0.058623386 | G29: =G19/$G$21 -> 0.023207893 | H29: =H19/$H$21 -> 0.01509897 | I29: =I19/$I$21 -> 0.15127752 | M29: -
A30: Private Rent | C30: =C20/$C$21 -> 0.22355387 | D30: =D20/$D$21 -> 0.11035352 | E30: =E20/$E$21 -> 0.31596456 | F30: =F20/$F$21 -> 0.20409995 | G30: =G20/$G$21 -> 0.080181247 | H30: =H20/$H$21 -> 0.07914648 | I30: =I20/$I$21 -> 0.16784186
A31: Income | C31: =C21/C21 -> 1 | D31: =D21/$D$21 -> 1 | E31: =E21/$E$21 -> 1 | F31: =F21/$F$21 -> 1 | G31: =G21/$G$21 -> 1 | H31: =H21/$H$21 -> 1 | I31: =I21/$I$21 -> 1 | K31: -
A33: 4. Leontief Inverse
A34: Matrix A | D34: Matrix B | F34: Matrix C | H34: Vector X | I34: Vector Y | J34: Vector Z | K34: Vector D | L34: Vector G | M34: Vector M
A35: =C26 -> 0.34977918 | B35: =D26 -> 0.27501259 | C35: =E26 -> 0.41553404 | D35: =F26 -> 0.36272334 | E35: =G26 -> 0.28644344 | F35: =H26 -> 0.35 | G35: =I26 -> 0.23088062 | H35: =C21 -> 607.95236 | I35: =F21 -> 30.910896 | J35: =H21 -> 176.22932 | K35: =J16 -> 133.61333 | L35: =K16 -> 24.448754 | M35: =L16 -> 91.003422
A36: =C27 -> 0.24977918 | B36: =D27 -> 0.47501259 | C36: =E27 -> 0.1 | D36: =F27 -> 0.16272334 | E36: =G27 -> 0.21016742 | F36: =H27 -> 0.17877275 | G36: =I27 -> 0.18823876 | H36: =D21 -> 468.35006 | I36: =G21 -> 77.706244 | J36: =I21 -> 8.377624 | K36: =J17 -> 46.735151 | L36: =K17 -> 9.8144769 | M36: =L17 -> 41.601564
A37: =C28 -> 0.15022082 | B37: =D28 -> 0.12498741 | C37: =E28 -> 0.12888351 | D37: =F28 -> 0.21182999 | E37: =G28 -> 0.4 | F37: =H28 -> 0.3769818 | G37: =I28 -> 0.26176124 | H37: =E21 -> 246.32739 | K37: =J18 -> 4.3528249 | L37: =K18 -> 6.1054855 | M37: =L18 -> 52.001955
A38: Eq. (23) | B38: LHS | C38: RHS
B39: {=MMULT(A35:C37,H35:H37)+MMULT(D35:E37,I35:I36)+MMULT(F35:G37,J35:J36)+K35:K37+L35:L37-M35:M37} -> 607.95236 | C39: {=H35:H37} -> 607.95236
B40: 468.35006 | C40: 468.35006
B41: 246.32739 | C41: 246.32739
A42: Eq. (24) | B42: LHS | C42: RHS
B43: {=H35:H37} -> 607.95236 | C43: {=MMULT(MINVERSE(_xlfn.MUNIT(3)-A35:C37),MMULT(D35:E37,I35:I36)+MMULT(F35:G37,J35:J36)+K35:K37+L35:L37-M35:M37)} -> 607.95236
B44: 468.35006 | C44: 468.35006
B45: 246.32739 | C45: 246.32739
A48: 3.2 Input good 1
A49: 1. Good | D49: Price | E49: Taxes | F49: Amount
A50: Input 1 price (output) | D50: =B5 -> 35 | E50: Rent tax | F50: =$E$5 -> 0.1
A51: Input 2 price | D51: =B6 -> 16 | E51: Lump sum | F51: =$E$6 -> 0.5
A52: Input 3 price | D52: =B7 -> 20
A54: 2. Production function | C54: f(1,2,3)=A*x_1^(Alpha)*x_2^(Beta)*x_3^(Gamma)
A55: Firm | B55: A | C55: Alpha | D55: Beta | E55: Gamma | F55: Returns to scale
A56: 1 | B56: 4 | C56: 0.3 | D56: 0.2 | E56: 0.2 | F56: =SUM(C56:E56) -> 0.7
A57: 2 | B57: 3 | C57: 0.4 | D57: 0.3 | E57: 0.1 | F57: =SUM(C57:E57) -> 0.8
A59: 3. Optimal derived demand
A60: Firm | B60: Input 1 | C60: Input 2 | D60: Input 3
A61: 1 | B61: =((B66/B56)*(C56/$D$50)^(D56+E56)*($D$51/D56)^D56*($D$52/E56)^E56)^(1/F56) -> 2.617017 | C61: =((B66/B56)*(D56/$D$51)^(C56+E56)*($D$50/C56)^C56*($D$52/E56)^E56)^(1/F56) -> 3.8164832 | D61: =((B66/B56)*(E56/$D$52)^(C56+D56)*($D$50/C56)^C56*($D$51/D56)^D56)^(1/F56) -> 3.0531865
A62: 2 | B62: =((B67/B57)*(C57/$D$50)^(D57+E57)*($D$51/D57)^D57*($D$52/E57)^E57)^(1/F57) -> 3.458671 | C62: =(B67/B57*(D57/$D$51)^(C57+E57)*($D$50/C57)^C57*($D$52/E57)^E57)^(1/F57) -> 5.674382 | D62: =((B67/B57)*(E57/$D$52)^(C57+D57)*($D$50/C57)^C57*($D$51/D57)^D57)^(1/F57) -> 1.5131685
A64: 4. Optimal supply
A65: Firm | B65: Optimal supply | D65: Production function
A66: 1 | B66: =(B56*C56^(C56)*D56^(D56)*E56^(E56)*$D$50^(D56+E56)*$D$51^(-D56)*$D$52^(-E56))^(1/(1-F56)) -> 8.7233901 | D66: =B56*(B61^C56)*(C61^D56)*(D61^E56) -> 8.7233901
A67: 2 | B67: =(B57*C57^(C57)*D57^(D57)*E57^(E57)*$D$50^(D57+E57)*$D$51^(-D57)*$D$52^(-E57))^(1/(1-F57)) -> 8.6466774 | D67: =B57*B62^C57*C62^D57*D62^E57 -> 8.6466774
A69: 5. Rents
A70: Firm | B70: Total rent | C70: Private rent | D70: Tax
A71: 1 | B71: =D50*B66-D50*B61-D51*C61-D52*D61 -> 91.595596 | C71: =(1-$F$50)*B71-$F$51 -> 81.936036 | D71: =$F$50*B71+$F$51 -> 9.6595596
A72: 2 | B72: =D50*B67-D50*B62-D51*C62-D52*D62 -> 60.526742 | C72: =(1-$F$50)*B72-$F$51 -> 53.974068 | D72: =$F$50*B72+$F$51 -> 6.5526742
A74: 6. Equations
A75: Firm | B75: (3) LHS | C75: (3) RHS | D75: (4) LHS | E75: (4) RHS | F75: (16) LHS | G75: (16) RHS | H75: (16) RHS | I75: (16) RHS | J75: (16) sum RHS
B76: P*n*q | C76: P'q | D76: n*q | E76: q-q^s | F76: P*q | G76: P'q | H76: T | I76: π | J76: P'q + T + π
A77: 1 | B77: =D50*F56*B66 -> 213.72306 | C77: =D50*B61+D51*C61+D52*D61 -> 213.72306 | D77: =F56*B66 -> 6.1063731 | E77: =B66-B71/D50 -> 6.1063731 | F77: =D50*B66 -> 305.31865 | G77: =D50*B61+D51*C61+D52*D61 -> 213.72306 | H77: =D71 -> 9.6595596 | I77: =C71 -> 81.936036 | J77: =G77+H77+I77 -> 305.31865
A78: 2 | B78: =D50*F57*B67 -> 242.10697 | C78: =D50*B62+D51*C62+D52*D62 -> 242.10697 | D78: =F57*B67 -> 6.9173419 | E78: =B67-B72/D50 -> 6.9173419 | F78: =D50*B67 -> 302.63371 | G78: =D50*B62+D51*C62+D52*D62 -> 242.10697 | H78: =D72 -> 6.5526742 | I78: =C72 -> 53.974068 | J78: =G78+H78+I78 -> 302.63371
A80: 7. Industry level | B80: Eq. (17)
A81: Income | B81: =F77+F78 -> 607.95236
A82: Expense | B82: =G77+G78 -> 455.83002
A83: Gov. Expend. | B83: =H77+H78 -> 16.212234
A84: Private rents | B84: =I77+I78 -> 135.9101
A85: Ex+G+P.rents | B85: =B82+B84+B83 -> 607.95236
A87: 3.3 Input good 2
A88: 1. Good | D88: Price | E88: Taxes | F88: Amount
A89: Input 1 price | D89: =B5 -> 35 | E89: Rent tax | F89: =$E$5 -> 0.1
A90: Input 2 price (output) | D90: =B6 -> 16 | E90: Lump sum | F90: =$E$6 -> 0.5
A91: Input 3 price | D91: =B7 -> 20
A93: 2. Production function | C93: f(1,2,3)=A*x_1^(Alpha)*x_2^(Beta)*x_3^(Gamma)
A94: Firm | B94: A | C94: Alpha | D94: Beta | E94: Gamma | F94: Returns to scale
A95: 1 | B95: 5 | C95: 0.2 | D95: 0.4 | E95: 0.2 | F95: =SUM(C95:E95) -> 0.8
A96: 2 | B96: 4.5 | C96: 0.3 | D96: 0.5 | E96: 0.1 | F96: =SUM(C96:E96) -> 0.9
A98: 3. Optimal derived demand
A99: Firm | B99: Input 1 | C99: Input 2 | D99: Input 3
A100: 1 | B100: =((B105/B95)*(C95/$D$89)^(D95+E95)*($D$90/D95)^D95*($D$91/E95)^E95)^(1/F95) -> 0.66873469 | C100: =((B105/B95)*(D95/$D$90)^(C95+E95)*($D$89/C95)^C95*($D$91/E95)^E95)^(1/F95) -> 2.9257143 | D100: =((B105/B95)*(E95/$D$91)^(C95+D95)*($D$89/C95)^C95*($D$90/D95)^D95)^(1/F95) -> 1.1702857
A101: 2 | B101: =(B106/B96*(C96/$D$89)^(D96+E96)*($D$90/D96)^D96*($D$91/E96)^E96)^(1/F96) -> 3.011327 | C101: =(B106/B96*(D96/$D$90)^(C96+E96)*($D$89/C96)^C96*($D$91/E96)^E96)^(1/F96) -> 10.978796 | D101: =((B106/B96)*(E96/$D$91)^(C96+D96)*($D$89/C96)^C96*($D$90/D96)^D96)^(1/F96) -> 1.7566074
A103: 4. Optimal supply
A104: Firm | B104: Optimal supply | D104: Value function
A105: 1 | B105: =(D90*B95^(1/F95)*C95^(C95/F95)*D95^(D95/F95)*E95^(E95/F95)*$D$89^(-C95/F95)*$D$90^(-D95/F95)*$D$91^(-E95/F95))^(F95/(1-F95)) -> 7.3142857 | D105: =B95*(B100^C95)*(C100^D95)*(D100^E95) -> 7.3142857
A106: 2 | B106: =(D90*B96^(1/F96)*C96^(C96/(F96))*D96^(D96/(F96))*E96^(E96/(F96))*$D$89^(-C96/(F96))*$D$90^(-D96/(F96))*$D$91^(-E96/(F96)))^(F96/(1-F96)) -> 21.957593 | D106: =B96*B101^C96*C101^D96*D101^E96 -> 21.957593
A108: 5. Rents
A109: Firm | B109: Total rent | C109: Private rent | D109: Tax
A110: 1 | B110: =D90*B105-D89*B100-D90*C100-D91*D100 -> 23.405714 | C110: =(1-$F$50)*B110-$F$51 -> 20.565143 | D110: =$F$50*B110+$F$51 -> 2.8405714
A111: 2 | B111: =D90*B106-D89*B101-D90*C101-D91*D101 -> 35.132148 | C111: =(1-$F$50)*B111-$F$51 -> 31.118934 | D111: =$F$50*B111+$F$51 -> 4.0132148
A113: 6. Equations
A114: Firm | B114: (3) LHS | C114: (3) RHS | D114: (4) LHS | E114: (4) RHS | F114: (16) LHS | G114: (16) RHS | H114: (16) RHS | I114: (16) RHS | J114: (16) sum RHS
B115: P*n*q | C115: P'q | D115: n*q | E115: q-q^s | F115: P*q | G115: P'q | H115: T | I115: π | J115: P'q + T + π
A116: 1 | B116: =D90*F95*B105 -> 93.622857 | C116: =D89*B100+D90*C100+D91*D100 -> 93.622857 | D116: =F95*B105 -> 5.8514286 | E116: =B105-B110/D90 -> 5.8514286 | F116: =D90*B105 -> 117.02857 | G116: =D89*B100+D90*C100+D91*D100 -> 93.622857 | H116: =D110 -> 2.8405714 | I116: =C110 -> 20.565143 | J116: =G116+H116+I116 -> 117.02857
A117: 2 | B117: =D90*F96*B106 -> 316.18934 | C117: =D89*B101+D90*C101+D91*D101 -> 316.18934 | D117: =F96*B106 -> 19.761833 | E117: =B106-B111/D90 -> 19.761833 | F117: =D90*B106 -> 351.32148 | G117: =D89*B101+D90*C101+D91*D101 -> 316.18934 | H117: =D111 -> 4.0132148 | I117: =C111 -> 31.118934 | J117: =G117+H117+I117 -> 351.32148
A119: 7. Industry level | B119: Eq. (17)
...
